 Dungeon Crawl Stone Soup version 0.31-a0-460-g9e667d4245 (webtiles) character file.

Game seed: 8450445463865030376

1955 Pooter the Chopper (level 8, -3/64 HPs)
             Began as a Minotaur Berserker on Aug 4, 2023.
             Was a Priest of Trog.
             Slain by a vampire mosquito (9 damage)
             ... on level 5 of the Dungeon.
             The game lasted 00:24:16 (6291 turns).

Pooter the Chopper (Minotaur Berserker)             Turns: 6291, Time: 00:24:17

Health: -3/64      AC: 12    Str: 25    XL:     8   Next: 99%
Magic:  7/7        EV:  6    Int:  4    God:    Trog [***...]
Gold:   266        SH:  8    Dex:  9    Spells: 7/7 levels left

rFire   . . .        w - +0 war axe
rCold   . . .        g - +0 kite shield
rNeg    . . .        l - +0 plate armour
rPois   .            (helmet restricted)
rElec   .            (no cloak)
rCorr   .            k - +0 pair of gloves
SInv    .            (no boots)
Will    +....        (no amulet) Stlth
                     i - ring of willpower
HPRegen 0.30/turn    (no ring)
MPRegen 0.10/turn

%: no passive effects
@: on berserk cooldown, slowed, very slow
A: horns 2, retaliatory headbutt
a: Renounce Religion, Berserk, Trog's Hand


You were on level 5 of the Dungeon.
You worshipped Trog.
Trog was most pleased with you.
You visited 1 branch of the dungeon, and saw 6 of its levels.

You collected 266 gold pieces.

Inventory:

Hand Weapons
 a - a +0 heavy flail
   (You took it off a gnoll on level 3 of the Dungeon)
 b - a +0 sling
   (You took it off a goblin on level 2 of the Dungeon)
 v - a +0 trident
   (You took it off an orc on level 3 of the Dungeon)
 w - a +0 war axe (weapon)
   (You took it off an orc on level 3 of the Dungeon)
Missiles
 n - 17 poisoned darts (quivered)
 r - 3 throwing nets {!f}
 y - a boomerang
 B - 2 curare-tipped darts
 Q - 66 stones
Armour
 g - a +0 kite shield (worn)
   (You found it on level 1 of the Dungeon)
 k - a +0 pair of gloves (worn)
   (You found it on level 2 of the Dungeon)
 l - a +0 plate armour (worn)
   (You found it on level 3 of the Dungeon)
Jewellery
 e - a +6 ring of intelligence
   (You found it on level 1 of the Dungeon)
 i - a ring of willpower (left hand)
   (You found it on level 5 of the Dungeon)
Scrolls
 c - a scroll of brand weapon {unknown}
 h - a scroll of vulnerability {!r}
 j - a scroll of summoning
 o - a scroll of revelation
 t - 3 scrolls of teleportation {@r4}
 u - 2 scrolls of fear
 z - a scroll of amnesia {unknown}
 C - a scroll of torment {unknown}
Potions
 d - a potion of curing {unknown}
 f - 2 potions of heal wounds {@q2}
 m - a potion of might {unknown}
 p - a potion of resistance {unknown}
 q - a potion of attraction {unknown}
 s - a potion of degeneration {unknown}
 x - a potion of enlightenment {unknown}
 A - 2 potions of mutation {unknown}


   Skills:
 - Level 3.6 Fighting
 + Level 7.4(8.7) Axes
 * Level 7.0(8.5) Maces & Flails
 * Level 6.7 Ranged Weapons
 - Level 2.4 Armour
 - Level 2.1 Dodging
 - Level 2.4 Stealth
 + Level 5.3 Shields


You had 7 spell levels left.
You didn't know any spells.
Your spell library was empty.

Dungeon Overview and Level Annotations

Branches:
Dungeon (6/15) Zot: 26973
 Temple: D:4-7

Altars:
Cheibriados
Gozag
Hepliaklqana
Nemelex Xobeh
Ru
Uskayaw
Xom

Shops:
D:5 (


Innate Abilities, Weirdness & Mutations

You have a pair of horns on your head.
You reflexively headbutt those who attack you in melee.


Message History

You closely miss the vampire mosquito. The vampire mosquito barely misses you.
The vampire mosquito bites you but does no damage.
The vampire mosquito bites you.
The vampire mosquito draws strength from your injuries!
The vampire mosquito bites you but does no damage.
You hit the vampire mosquito.
Your headbutt misses the vampire mosquito.
The vampire mosquito bites you.
The vampire mosquito draws strength from your injuries!
The vampire mosquito bites you.
* * * LOW HITPOINT WARNING * * *
The vampire mosquito draws strength from your injuries!
You block the vampire mosquito's attack.
You are too injured to fight recklessly!
You are too injured to fight recklessly!
You are too injured to fight recklessly!
You closely miss the vampire mosquito. The vampire mosquito bites you!
* * * LOW HITPOINT WARNING * * *
The vampire mosquito draws strength from your injuries!
The vampire mosquito bites you!
* * * LOW HITPOINT WARNING * * *
The vampire mosquito draws strength from your injuries!
The vampire mosquito bites you but does no damage.
The vampire mosquito bites you.
* * * LOW HITPOINT WARNING * * *
The vampire mosquito draws strength from your injuries!
You slash the vampire mosquito!
Your headbutt misses the vampire mosquito.
The vampire mosquito barely misses you.
The vampire mosquito closely misses you.
You block the vampire mosquito's attack.
Unknown command.
You miss the vampire mosquito.
You block the vampire mosquito's attack.
The vampire mosquito bites you.
* * * LOW HITPOINT WARNING * * *
The vampire mosquito draws strength from your injuries!
The vampire mosquito bites you but does no damage.
You hit the vampire mosquito but do no damage.
Your headbutt misses the vampire mosquito.
The vampire mosquito barely misses you. The vampire mosquito bites you!
* * * LOW HITPOINT WARNING * * *
The vampire mosquito draws strength from your injuries!
The vampire mosquito barely misses you. You furiously retaliate!
You headbutt the vampire mosquito! You hit the vampire mosquito.
Your headbutt misses the vampire mosquito.
You block the vampire mosquito's attack.
The vampire mosquito bites you!
You die...

#....# #.^...^.#.......)...
##...## ###._.###..........#
##....# #.^...^.#..........#
#....### ####'####..........#
##...#..# #.###...........#
#....######## #..........##...#
............########).....#######
.....#####.......†...##...##
.....# ######.@..#####...###
.....## ##.y.# ###...### ......##
#...# ###...## .......# #...#
###... ......## ##### ####
......# .....## #....# ######


You could see a vampire mosquito.

Vanquished Creatures
  Eustachio (D:5)
  2 vampire mosquitoes (D:5)
  2 ogres (D:5)
  2 phantoms
  A scorpion (D:5)
  6 killer bees (D:5)
  4 crimson imps (D:5)
  6 hounds
  2 jellies (D:4)
  2 orc priests
  A sleepcap (D:5)
  4 iguanas
  An orc wizard (D:5)
  A mummy (D:4)
  12 adders
  8 gnolls
  An ufetubus (D:5)
  2 worms
  A dart slug (D:2)
  25 orcs
  4 bats
  4 endoplasms
  3 giant cockroaches
  9 goblins
  9 hobgoblins
  2 jackals (D:4)
  8 kobolds
  4 quokkas
  9 ball pythons
  4 frilled lizards
140 creatures vanquished.

Notes
Turn   | Place    | Note
-------+----------+-------------------------------------------
     0 | D:1      | Pooter the Minotaur Berserker began the quest for the Orb.
     0 | D:1      | Reached XP level 1. HP: 19/19 MP: 0/0
   252 | D:1      | Reached skill level 1 in Stealth
   252 | D:1      | Reached XP level 2. HP: 19/26 MP: 1/1
   838 | D:2      | Reached ** piety under Trog
   870 | D:2      | Reached XP level 3. HP: 31/31 MP: 2/2
  1112 | D:2      | You fall into a shaft and drop 2 floors!
  1112 | D:4      | Found a sacrificial altar of Ru.
  1166 | D:4      | Reached skill level 1 in Shields
  1317 | D:4      | Reached XP level 4. HP: 39/39 MP: 3/3
  1439 | D:3      | Found a hide-covered altar of Uskayaw.
  1439 | D:3      | Noticed a +0 spear
  1439 | D:3      | Noticed a +0 dagger
  1439 | D:3      | Noticed a +0 short sword
  1440 | D:3      | Noticed a +0 spear
  1440 | D:3      | Noticed a +0 dagger
  1441 | D:3      | Noticed a +0 falchion
  1442 | D:3      | Noticed a +0 short sword
  1442 | D:3      | Noticed a +0 falchion
  1606 | D:2      | Reached skill level 5 in Axes
  2319 | D:3      | Reached XP level 5. HP: 45/45 MP: 4/4
  2323 | D:3      | Reached skill level 1 in Ranged Weapons
  2523 | D:3      | Found a hazy altar of Hepliaklqana.
  2865 | D:3      | Found a faded altar of an unknown god.
  2873 | D:3      | Reached *** piety under Trog
  2912 | D:3      | Noticed a phantom
  2924 | D:3      | Killed a phantom
  2925 | D:3      | Reached skill level 1 in Maces & Flails
  2925 | D:3      | Reached XP level 6. HP: 37/51 MP: 5/5
  3258 | D:4      | Found an opulent altar of Gozag.
  3625 | D:4      | Reached XP level 7. HP: 57/57 MP: 6/6
  3729 | D:4      | Found a snail-covered altar of Cheibriados.
  3981 | D:5      | Entered Level 5 of the Dungeon
  4664 | D:5      | Found Ymmaat's Weapon Emporium.
  4701 | D:5      | Reached skill level 5 in Ranged Weapons
  4701 | D:5      | Reached XP level 8. HP: 37/64 MP: 7/7
  4704 | D:5      | Reached skill level 5 in Maces & Flails
  5821 | D:5      | Found a shimmering altar of Xom.
  5845 | D:5      | Found a sparkling altar of Nemelex Xobeh.
  5930 | D:5      | Noticed Eustachio
  6016 | D:5      | Killed Eustachio
  6017 | D:5      | Reached skill level 5 in Shields
  6291 | D:5      | Slain by a vampire mosquito

Illustrated notes

Levels and vault maps discovered:
D:1:      roderic_crossed_star, layout_basic, chequers_arboretum
D:2:      layout_loops_cross, kennysheep_big_empty_room
D:3:      minmay_razor_zed, layout_basic, nicolae_hepliaklqana_hippocampus,
          nicolae_uskayaw_en_pointe, ebering_ecumenical_altar_rust,
          minmay_surrounded
D:4:      layout_basic, mainiacjoe_overflow_paths, chei_slow_surprise,
          nicolae_ru_sacrificial_ziggurat
D:5:      layout_cave_pods, marbit_many_paths, led_xom_imps, serial_shops,
          nicolae_shop_tiny_waterfront, uniq_eustachio
D:6:      layout_basic, nzn_wu_jian_contemplation,
          gammafunk_temple_overflow_wave

Skill      XL: |  1  2  3  4  5  6  7  8 |
---------------+-------------------------+-----
Axes           | 4 5 6 7 |  7.4
Stealth        | 1 2 |  2.4
Shields        | 1 2 3 4 5 |  5.3
Ranged Weapons | 2 3 5 6 |  6.7
Maces & Flails | 1 3 4 7 |  7.0
Fighting       | |  3.6
Armour         | |  2.4
Dodging        | |  2.1

Action                     |  1- 3 |  4- 6 |  7- 9 || total
---------------------------+-------+-------+-------++-------
  Melee: Hand axe          |    61 |    17 |       ||    78
         Headbutt          |     3 |    21 |    25 ||    49
         Trident           |       |    67 |       ||    67
         Flail             |       |    84 |    43 ||   127
         War axe           |       |    14 |   110 ||   124
   Fire: Sling             |       |    35 |     3 ||    38
  Throw: Stone             |       |     3 |       ||     3
         Dart              |       |     3 |    10 ||    13
 Invoke: Berserk           |     2 |     3 |     7 ||    12
         Trog's Hand       |       |     1 |     2 ||     3
    Use: Scroll            |       |     3 |     3 ||     6
         Potion            |       |       |     1 ||     1
   Stab: Distracted        |       |     1 |       ||     1
 Armour: Animal skin       |    17 |       |       ||    17
         Plate armour      |       |   122 |   129 ||   251
  Dodge: Dodged            |    25 |    50 |    75 ||   150
  Block: Kite shield       |     8 |    90 |    93 ||   191

Table legend: (Time is in decaauts)
 A = Elapsed time spent in this place.
 B = Non-inter-level travel time spent in this place.
 C = Inter-level travel time spent in this place.
 D = Time resting spent in this place.
 E = Time spent auto-exploring this place.
 F = Levels seen in this place.
 G = Mean time per level.
                   A        B        C        D        E       F      G
               +--------+--------+--------+--------+--------+-----+--------+
         Total |   6578 |   6491 |     87 |   1886 |   3188 |   6 | 1096.3 |
       Dungeon |   6578 |   6491 |     87 |   1886 |   3188 |   6 | 1096.3 |
               +--------+--------+--------+--------+--------+-----+--------+

Top non-repeatable levels by time:
     D:5: 1918 daAuts
     D:4: 1762 daAuts
     D:3: 1244 daAuts
     D:2: 859 daAuts
     D:1: 791 daAuts
     D:6: 1 daAuts
